 Dungeon Crawl Stone Soup version 0.22-a0-558-gc224181 (webtiles) character file.

1041 Amnesiac the Magician (level 8, -12/52 HPs)
             Began as a Mummy Enchanter on June 27, 2018.
             Was an Initiate of Gozag.
             Killed by divine providence
             ... invoked by an orc priest
              (14 damage)
             ... on level 5 of the Dungeon.
             The game lasted 00:12:40 (5635 turns).

Amnesiac the Magician (Mummy Enchanter)             Turns: 5635, Time: 00:12:41

Health: -12/52     AC:  5    Str: 11    XL:     8   Next: 4%
Magic:  15/33      EV: 12    Int: 17    God:    Gozag
Gold:   589        SH:  0    Dex: 12    Spells: 5/17 levels left

rFire    x . .     SeeInvis .   a - +1 dagger
rCold    + . .     Gourm    .   (no shield)
rNeg     + + +     Faith    .   b - +0 robe
rPois    ∞         Spirit   .   j - +0 helmet
rElec    .         Reflect  .   (no cloak)
rCorr    .         Harm     .   o - +0 pair of gloves
MR       +....                  e - +0 pair of boots
Stlth    +++.......             g - amulet of the acrobat
HPRegen  0.17/turn              d - ring of magical power
MPRegen  0.23/turn              k - ring of magical power

@: very slightly contaminated
A: no food or potions, fire vulnerability, cold resistance 1, negative energy
resistance 3, torment resistance, unbreathing
a: Potion Petition, Call Merchant, Bribe Branch, Renounce Religion


You were on level 5 of the Dungeon.
You worshipped Gozag.
Gozag was pleased with you.
You were not hungry.

You visited 2 branches of the dungeon, and saw 6 of its levels.
You also visited: Ossuary.

You collected 609 gold pieces.
You paid 20 gold pieces to Gozag.

Inventory:

Hand Weapons
 a - a +1 dagger (weapon)
Missiles
 t - 7 curare-tipped needles
Armour
 b - a +0 robe (worn)
 e - a +0 pair of boots (worn)
 j - a +0 helmet (worn)
 o - a +0 pair of gloves (worn)
 q - a +0 shield
Jewellery
 d - a ring of magical power (left hand)
 f - the ring of Tarphebri {rPois rN+ Int-3 Dex+3, unknown}
   (You found it on level 4 of the Dungeon)

   [ring of dexterity]

   It affects your intelligence (-3).
   It affects your dexterity (+3).
   It protects you from poison.
   It protects you from negative energy.
 g - an amulet of the acrobat (around neck)
 k - a ring of magical power (right hand)
 m - an uncursed ring of fire
Wands
 r - a wand of random effects (35)
Scrolls
 c - a scroll of teleportation {!r, unknown}
 h - a scroll of enchant weapon {!r, unknown}
 i - a scroll of enchant armour {!r}
 l - 2 scrolls of fear {!r}
 n - 5 scrolls of remove curse {!r}
 p - a scroll of magic mapping {!r}
 s - 2 scrolls of identify {!r}


   Skills:
 * Level 4.8 Short Blades
 - Level 1.5 Dodging
 + Level 4.4 Stealth
 - Level 5.1 Spellcasting
 - Level 5.0 Hexes


You had 5 spell levels left.
You knew the following spells:

 Your Spells              Type           Power        Failure   Level  Hunger
a - Ensorcelled Hibernat  Hex/Ice        ##....       8%          2    N/A
d - Dazzling Spray        Conj/Hex       ##....       16%         3    N/A
e - Confuse               Hex            ###.....     5%          3    N/A
w - Tukima's Dance        Hex            ###.....     5%          3    N/A
z - Confusing Touch       Hex            ###...       1%          1    N/A

Your spell library contained the following spells:

 Spells                   Type           Power        Failure   Level  Hunger
 Throw Frost              Conj/Ice       #.....       22%         2    N/A
 Animate Dead             Necr           N/A          80%         4    N/A
 Pain                     Necr           #...         14%         1    N/A
 Animate Skeleton         Necr           N/A          14%         1    N/A
 Vampiric Draining        Necr           #.........   38%         3    N/A
 Freeze                   Ice            #...         14%         1    N/A
 Summon Ice Beast         Ice/Summ       #.......     80%         4    N/A
 Ozocubu's Armour         Chrm/Ice       #.......     38%         3    N/A
 Regeneration             Chrm/Necr      #.........   38%         3    N/A
 Throw Icicle             Conj/Ice       #.......     80%         4    N/A
 Metabolic Englaciation   Hex/Ice        ##........   80%         5    N/A
 Corona                   Hex            ###....      1%          1    N/A
 Petrify                  Tmut/Erth      #.......     80%         4    N/A
 Gell's Gravitas          Tloc           #.........   38%         3    N/A
 Yara's Violent Unravell  Hex/Tmut       ##........   80%         5    N/A

Dungeon Overview and Level Annotations

Branches:
Dungeon (5/15)             Temple (1/1) D:5

Altars:
Ashenzari
Cheibriados
Dithmenos
Fedhas
Gozag
Hepliaklqana
Kikubaaqudgha
Makhleb
Nemelex Xobeh
Okawaru
Qazlal
Trog
Uskayaw
Vehumet
Wu Jian
Xom
Yredelemnul
Zin
The Shining One


Innate Abilities, Weirdness & Mutations

You do not eat or drink.
Your flesh is vulnerable to fire.
You are immune to poison.
Your flesh is cold resistant. (rC+)
You are immune to negative energy. (rN+++)
You are immune to unholy pain and torment.
You can survive without breathing.


Message History

Aim: an orc priest, wielding a hand axe and wearing a ring mail (confused)
The spray of energy misses the orc priest.
The spray of energy hits the orc priest.
The orc priest is lightly wounded.
The orc priest is dazzled.
The spray of energy hits the orc priest.
The orc priest is moderately wounded.
The orc priest is dazzled.
The orc closely misses you. The orc priest barely misses you. x2
Unknown command.
Casting: Dazzling Spray (safe; 16% risk of failure)
Confirm with . or Enter, or press ? or * to list all spells.
Aiming: Dazzling Spray (safe; 16% risk of failure)
Press: ? - help, Shift-Dir - straight line, f/p - orc priest
Aim: an orc priest, wielding a hand axe and wearing a ring mail (lightly wounded, confused, blind)
The spray of energy misses the orc priest.
The spray of energy hits the orc priest.
The orc priest is severely wounded.
The orc priest is dazzled.
The spray of energy misses the orc.
The orc priest closely misses you. The orc misses you.
The orc priest begins to cast a cantrip, but forgets the words!
Unknown command.
Casting: Dazzling Spray (safe; 16% risk of failure)
Confirm with . or Enter, or press ? or * to list all spells.
Aiming: Dazzling Spray (safe; 16% risk of failure)
Press: ? - help, Shift-Dir - straight line, f/p - orc priest
Aim: an orc priest, wielding a hand axe and wearing a ring mail (lightly wounded, confused, blind)
The spray of energy hits the orc priest.
The orc priest is moderately wounded.
The spray of energy hits the orc priest.
The orc priest is almost dead.
The orc priest is dazzled.
The orc priest hits you from afar with a trident!
* * * LOW HITPOINT WARNING * * *
The orc barely misses you.
The orc priest hits you with a short sword.
* * * LOW HITPOINT WARNING * * *
Unknown command.
Casting: Dazzling Spray (safe; 16% risk of failure)
Confirm with . or Enter, or press ? or * to list all spells.
Aiming: Dazzling Spray (safe; 16% risk of failure)
Press: ? - help, Shift-Dir - straight line, f - orc priest, p - orc priest
Aim: an orc priest, wielding a trident (almost dead, blind)
You miscast Dazzling Spray.
You are very lightly contaminated with residual magic.
Your skin glows momentarily.
The orc priest misses you.
The orc priest hits you with a short sword!
* * * LOW HITPOINT WARNING * * *
The orc hits you with a war axe!
* * * LOW HITPOINT WARNING * * *
Unknown command.
You can't drink.
Okay, then.
Unknown command.
Really read
l - 3 scrolls of fear {!r}?
As you read the scroll of fear {!r}, it crumbles to dust.
You assume a fearsome visage.
The orc priest looks frightened! x3
The orc looks frightened!
You barely miss the orc priest.
The orc priest is almost dead.
The orc priest invokes the aid of Beogh against you.
Beogh smites you!
You die...
Your body crumbles into a pile of gold.

.....#..##.o......##'##..........
...............####...####....###
.............###[.#. #..###..#
............##.#.)# #..# ##.#
.......##...'..#..# #..# '.#
............##.#..# #..# ##.###
..##.........###..# #..###.....
..##......##.o.##'# $#'##.....##
..##.#.##.####..@.#####.........#
..## #.........o.o...............
..# . ...########..#.#!.........
..# ...## #....#####...... ..#
.... #............... ..#
########## #...............
..###≈≈≈≈≈≈≈≈## #...............
..##≈≈......≈≈## #...............
.##≈≈........≈≈###..........#.##.


You could see 2 orc priests and an orc (fleeing).

Vanquished Creatures
  2 phantoms
  2 ice beasts (D:5)
  2 water moccasin zombies (Ossuary)
  A scorpion (D:4)
  A crimson imp (D:5)
  A bullfrog skeleton (D:4)
  3 centaur skeletons
  An orc wizard (D:4)
  An iguana (D:5)
  2 worker ants (D:5)
  A big kobold zombie (Ossuary)
  3 mummies
  7 adders
  A shadow imp (D:5)
  An ooze (D:1)
  3 adder zombies (Ossuary)
  2 adder skeletons
  6 worms
  A dart slug (D:1)
  4 leopard geckos
  4 orcs
  2 ball pythons
  6 bats
  3 giant cockroaches
  4 gnoll zombies (Ossuary)
  5 goblins
  4 hobgoblins
  3 frilled lizards
  3 hobgoblin zombies (Ossuary)
  A jackal zombie (D:5)
  8 kobolds
  A kobold zombie (Ossuary)
  A leopard gecko skeleton (D:5)
  6 orc zombies (Ossuary)
  A quokka zombie (D:5)
  5 rats
102 creatures vanquished.

Vanquished Creatures (others)
  A phantom (D:4)
  A big kobold zombie (Ossuary)
2 creatures vanquished.

Grand Total: 104 creatures vanquished

Notes
Turn   | Place    | Note
-------+----------+-------------------------------------------
     0 | D:1      | Amnesiac the Mummy Enchanter began the quest for the Orb.
     0 | D:1      | Reached XP level 1. HP: 13/13 MP: 4/4
    62 | D:1      | Reached skill level 1 in Short Blades
   349 | D:1      | Reached XP level 2. HP: 19/19 MP: 5/5
   353 | D:1      | Learned a level 2 spell: Ensorcelled Hibernation
   981 | D:1      | Reached XP level 3. HP: 24/24 MP: 7/7
   986 | D:1      | Learned a level 3 spell: Confuse
  1805 | D:2      | Reached XP level 4. HP: 23/30 MP: 8/8
  1831 | D:2      | Learned a level 3 spell: Tukima's Dance
  1995 | D:3      | Found a snail-covered altar of Cheibriados.
  2199 | D:3      | Found an opulent altar of Gozag.
  2199 | D:3      | Found a sparkling altar of Nemelex Xobeh.
  2208 | D:3      | Became a worshipper of Gozag Ym Sagoz the Greedy
  2792 | D:4      | Found a sand-covered staircase.
  2967 | Ossuary  | Entered an ossuary
  3222 | Ossuary  | Reached XP level 5. HP: 33/35 MP: 3/9
  3529 | Ossuary  | Reached XP level 6. HP: 33/41 MP: 12/12
  3877 | D:4      | Learned a level 3 spell: Dazzling Spray
  3896 | D:4      | Found a burning altar of Makhleb.
  3913 | D:4      | Found a stormy altar of Qazlal.
  3913 | D:4      | Found a glowing golden altar of the Shining One.
  3913 | D:4      | Found a snail-covered altar of Cheibriados.
  3917 | D:4      | Found a radiant altar of Vehumet.
  4032 | D:4      | Found a hide-covered altar of Uskayaw.
  4084 | D:4      | Reached XP level 7. HP: 24/46 MP: 13/13
  4233 | D:4      | Got a coiled steel ring
  4687 | D:5      | Entered Level 5 of the Dungeon
  4820 | D:5      | Learned a level 1 spell: Confusing Touch
  5008 | D:5      | Found a staircase to the Ecumenical Temple.
  5017 | Temple   | Entered the Ecumenical Temple
  5054 | D:5      | Found an ancient bone altar of Kikubaaqudgha.
  5217 | D:4      | Reached skill level 5 in Hexes
  5348 | D:5      | Reached skill level 5 in Spellcasting
  5447 | D:5      | Reached XP level 8. HP: 36/52 MP: 11/15
  5633 | D:5      | HP: 2/52 [orc/war axe (10)]
  5635 | D:5      | Killed from afar by an orc priest

Vault maps used:
D:1:      ncdulo_lavacross
D:3:      grunt_temple_overflow_opulence, first_ration, cheibriados_altar_1
D:4:      minitemple, old_standard_altar, gup_ossuary_entry_pyramid
D:5:      kiku_gazebo_pond_becter, minmay_temple_entry_purple_smoke,
          grunt_ministairs_5, kennysheep_big_empty_room, minmay_divided_ellipse
Temple:   eino_temple_lava
Ossuary:  ossuary_tomb_2

Skill      XL: |  1  2  3  4  5  6  7 |
---------------+----------------------+-----
Short Blades   | 1 2 4 |  4.8
Hexes          | 3 4 5 |  5.0
Spellcasting   | 3 4 5 |  5.1
Stealth        | 3 4 |  4.4
Dodging        | |  1.5

Action                   |  1- 3 |  4- 6 |  7- 9 || total
-------------------------+-------+-------+-------++-------
Melee: Dagger            |    71 |   230 |    93 ||   394
 Cast: Corona            |     2 |       |       ||     2
       Ensorcelled Hiber |    46 |    22 |    15 ||    83
       Confuse           |     6 |    40 |    33 ||    79
       Dazzling Spray    |       |       |     3 ||     3
  Use: Scroll            |       |     6 |     1 ||     7
 Stab: Sleeping          |    30 |    22 |     4 ||    56
       Confused          |       |    15 |    17 ||    32
       Distracted        |       |     1 |       ||     1
Armor: Robe              |    17 |    49 |    14 ||    80
Dodge: Dodged            |    43 |   104 |    41 ||   188

Table legend:
 A = Spawn XP
 B = Non-spawn XP
 C = Spawn XP percentage of total XP
 D = Spawn monster count
 E = Non-spawn monster count
 F = Spawn count percentage of total count
 G = Total turns spent on level
                    A         B        C        D         E        F      G
               +---------+---------+-------+---------+---------+-------+---------
         Total |       0 |    1488 |   0.0 |       0 |     104 |   0.0 |  5635
               +---------+---------+-------+---------+---------+-------+---------
           D:1 |       0 |      47 |   0.0 |       0 |      26 |   0.0 |  1115
           D:2 |       0 |      53 |   0.0 |       0 |      10 |   0.0 |   881
           D:3 |       0 |      44 |   0.0 |       0 |      14 |   0.0 |   733
           D:4 |       0 |     476 |   0.0 |       0 |      13 |   0.0 |  1463
           D:5 |       0 |     626 |   0.0 |       0 |      18 |   0.0 |   756
       Ossuary |       0 |     242 |   0.0 |       0 |      23 |   0.0 |   666
               +---------+---------+-------+---------+---------+-------+---------
